 Dungeon Crawl Stone Soup version 0.29.1-1-gd02db6906a (webtiles) character file.

Game seed: 6001161239996914392

28 Anriel the Covered (level 3, -8/23 HPs)
             Began as a Gargoyle Fighter on Oct 14, 2022.
             Killed from afar by Sigmund (10 damage)
             ... with a puff of flame
             ... on level 2 of the Dungeon.
             The game lasted 00:06:34 (1018 turns).

Anriel the Covered (Gargoyle Fighter)               Turns: 1018, Time: 00:06:35

Health: -8/23      AC: 10    Str: 21    XL:     3   Next: 14%
Magic:  3/3        EV:  9    Int:  8    God:
Gold:   96         SH:  4    Dex:  9    Spells: 2/2 levels left

rFire   . . .      SeeInvis .   a - +0 flail
rCold   . . .      Faith    .   c - +0 buckler
rNeg    + . .      Spirit   .   b - +0 scale mail
rPois   ∞          Reflect  .   (no helmet)
rElec   +          Harm     .   (no cloak)
rCorr   .          Rampage  .   (no gloves)
Will    .....                   (no boots)
Stlth   ..........              (no amulet)
HPRegen 0.07/turn               (no ring)
MPRegen 0.08/turn               (no ring)

@: mighty
A: sickness immunity, AC +3, negative energy resistance 1, electricity
resistance, torment resistance 1, petrification resistance
a: no special abilities


You were on level 2 of the Dungeon.
You visited 1 branch of the dungeon, and saw 2 of its levels.

You collected 96 gold pieces.

Inventory:

Hand Weapons
 a - a +0 flail (weapon)
Armour
 b - a +0 scale mail (worn)
 c - a +0 buckler (worn)
Potions
 e - 2 potions of curing {unknown}
 f - a potion of attraction {unknown}
 g - a potion of haste {unknown}


   Skills:
 + Level 3.6 Fighting
 + Level 2.4 Maces & Flails
 + Level 3.7 Armour
 + Level 3.6 Shields


You had 2 spell levels left.
You didn't know any spells.
Your spell library contained the following spells:

 Spells                   Type           Power      Damage    Failure   Level
 Freeze                   Ice            0%         1d3       83%         1
 Frozen Ramparts          Ice            0%         1d1       99%         3
 Hailstorm                Conj/Ice       0%         3d3       100%        4
 Petrify                  Tmut/Erth      0%         N/A       100%        4
 Irradiate                Conj/Tmut      0%         3d11      100%        5
 Sublimation of Blood     Necr           Unusable   N/A       N/A         2

Dungeon Overview and Level Annotations

Branches:
Dungeon (2/15)

Altars:

Annotations:
D:2 1 runed translucent door, Crazy Yiuf, Sigmund


Innate Abilities, Weirdness & Mutations

You are immune to sickness and miasma.
Your stone body is resilient. (AC +3)
You are immune to poison.
You resist negative energy. (rN+)
You are resistant to electric shocks. (rElec)
You are resistant to unholy torment.
You are immune to petrification.


Message History

The sling bullet hits you but does no damage.
Sigmund hits you but does no damage.
You barely miss Sigmund.
Sigmund is moderately wounded.
The goblin unwields a +0 sling.
The goblin wields a +0 dagger.
The goblin hits you but does no damage.
You closely miss Sigmund.
Sigmund is moderately wounded.
Sigmund points at you and mumbles some strange words.
You are confused.
The goblin hits you but does no damage. Sigmund barely misses you.
You closely miss Sigmund.
Sigmund is moderately wounded.
The goblin misses you.
Unknown command.
You barely miss Sigmund.
Sigmund is moderately wounded.
Sigmund hits you with a +0 scythe! The goblin hits you with a +0 dagger.
The goblin attacks as you move away! The goblin closely misses you.
The goblin unwields a +0 dagger.
The goblin wields a +0 sling.
The goblin shoots a sling bullet.
The sling bullet hits you but does no damage.
Sigmund barely misses you.
The goblin shoots a sling bullet.
The sling bullet closely misses you. Sigmund gestures at you while chanting.
The magic dart hits you.
You're too confused to move!
The goblin shoots a sling bullet.
The sling bullet hits you but does no damage.
You feel less confused.
The goblin shoots a sling bullet.
You block the sling bullet. Sigmund casts a spell at you.
The puff of flame hits you but does no damage.
The goblin shoots a sling bullet.
The sling bullet barely misses you. Sigmund gestures at you while chanting.
The puff of flame hits you!
* * * LOW HITPOINT WARNING * * *
The goblin shoots a sling bullet.
You block the sling bullet.
Sigmund points at you and mumbles some strange words.
The puff of flame hits you!
You die...

#....#'#.....<.
#..............
#.............##
#............... .
#...#..†.###.#..## ..
#...'....###+#.... ...
#...#............## ....
#...#.............#....#
###............#@......#
#............#.##.....
#............#........
#............@.###...#
#####............# .#
#................#
#...........g######
#..................
#..................


You could see Sigmund.

Vanquished Creatures
  A worm (D:2)
  2 dart slugs
  2 goblins (D:1)
  3 hobgoblins (D:1)
  4 kobolds
  2 quokkas
  3 ball pythons
  A bat (D:1)
  4 rats
22 creatures vanquished.

Notes
Turn   | Place    | Note
-------+----------+-------------------------------------------
     0 | D:1      | Anriel the Gargoyle Fighter began the quest for the Orb.
     0 | D:1      | Reached XP level 1. HP: 14/14 MP: 1/1
   341 | D:1      | Found a faded altar of an unknown god.
   479 | D:1      | Reached XP level 2. HP: 19/19 MP: 2/2
   902 | D:2      | Reached XP level 3. HP: 22/23 MP: 3/3
   932 | D:2      | Found a runed translucent door.
   933 | D:2      | Noticed Crazy Yiuf
   992 | D:2      | Noticed Sigmund
  1018 | D:2      | Killed from afar by Sigmund

Illustrated notes

Levels and vault maps discovered:
D:1:      dpeg_cavernosity, layout_loops_ring,
          shapermc_ecumenical_altar_acropolis, palyth_stone_intersect
D:2:      layout_basic, kennysheep_cross_bottleneck, uniq_robin, uniq_sigmund,
          uniq_crazy_yiuf_cottage

Action                   || total
-------------------------++-------
Melee: Flail             ||    69
  Use: Scroll            ||     1
       Potion            ||     1
Armor: Scale mail        ||    39
Dodge: Dodged            ||    36
Block: Buckler           ||    12
